 Dungeon Crawl Stone Soup version 0.23.2-1-ga50397a6bc (webtiles) character file.

Game seed: 16025054210435675987

25245 RKaid the Nimble (level 13, -7/103 HPs)
             Began as a Human Wizard on Apr 28, 2019.
             Was a Believer of Fedhas.
             Mangled by a hell beast (16 damage)
             ... in a Gauntlet.
             The game lasted 01:47:28 (26435 turns).

RKaid the Nimble (Human Wizard)                    Turns: 26435, Time: 01:47:28

Health: -7/103     AC: 12    Str:  7 (8)  XL:     13   Next: 49%
Magic:  1/34       EV: 24    Int: 26 (27) God:    Fedhas [**....]
Gold:   655        SH:  5    Dex: 17 (18) Spells: 8/28 levels left

rFire    + . .     SeeInvis .   a - +8 rapier "Yriucuco" {flame, rF+ rC+ Stlth+}
rCold    + . .     Gourm    .   d - +0 buckler
rNeg     . . .     Faith    .   J - +1 troll leather armour {regen+}
rPois    .         Spirit   .   I - +2 helmet
rElec    .         Reflect  .   U - +2 cloak {MR+}
rCorr    .         Harm     .   (no gloves)
MR       ++...     NoTele   +   g - +0 pair of boots
Stlth    ++++......             l - amulet of regeneration {+regen}
HPRegen  1.07/turn              u - ring of magical power {MP+9}
MPRegen  0.24/turn              F - ring of protection from magic {MR+}

@: brilliant, agile, confusing touch, very slightly contaminated, hasted, very
quick
A: hooves 1, blurry vision 1
a: Fungal Bloom, Sunlight, Evolution, Renounce Religion


You were in a Gauntlet.
You worshipped Fedhas.
Fedhas was pleased with you.
You were not hungry.

You visited 3 branches of the dungeon, and saw 17 of its levels.
You also visited: Gauntlet.

You collected 711 gold pieces.
You spent 56 gold pieces at shops.

Inventory:

Hand Weapons
 a - the +8 rapier "Yriucuco" (weapon) {flame, rF+ rC+ Stlth+}
   (You took it off a gnoll on level 5 of the Dungeon)

   It has been specially enchanted to burn those struck by it, causing extra
   injury to most foes and up to half again as much damage against particularly
   susceptible opponents.
   It protects you from fire.
   It protects you from cold.
   It makes you more stealthy.
 b - the +6 long sword "Rietav" {freeze, Str+3 SInv}
   (You found it on level 4 of the Dungeon)

   It has been specially enchanted to freeze those struck by it, causing extra
   injury to most foes and up to half again as much damage against particularly
   susceptible opponents.
   It can also slow down cold-blooded creatures.
   It affects your strength (+3).
   It lets you see invisible.
 w - a +0 blowgun
   (You took it off a kobold on level 3 of the Dungeon)
 B - a +0 dagger of holy wrath
   (You took it off an orc wizard on level 7 of the Dungeon)
 O - a +1 dagger of electrocution
   (You took it off a kobold on level 3 of the Dungeon)
Missiles
 m - 3 throwing nets (quivered) {=f}
 x - 81 poisoned needles
 N - 3 curare-tipped needles
Armour
 d - a +0 buckler (worn)
   (You found it on level 2 of the Dungeon)
 g - a +0 pair of boots (worn)
   (You found it on level 1 of the Dungeon)
 I - a +2 helmet (worn)
   (You found it on level 10 of the Dungeon)
 J - a +1 troll leather armour (worn) {regen+}
   (You found it on level 9 of the Dungeon)
 U - a +2 cloak of magic resistance (worn)
   (You found it in a Gauntlet)
Magical Staves
 n - an uncursed staff of fire {rF+}
   (You found it on level 5 of the Dungeon)
Jewellery
 l - an amulet of regeneration (around neck) {+regen}
   (You found it on level 10 of the Dungeon)
 q - an uncursed ring of flight {+Fly}
   (You found it on level 6 of the Dungeon)
 u - a ring of magical power (left hand) {MP+9}
   (You found it on level 3 of the Dungeon)
 F - a ring of protection from magic (right hand) {MR+}
   (You found it on level 9 of the Dungeon)
 H - an uncursed ring of protection from fire {rF+}
   (You found it on level 8 of the Dungeon)
 V - the ring of the Unkillable {Wiz +Fly Stlth+, unknown}
   (You found it in a Gauntlet)

   [ring of wizardry]

   It improves your spell success rate.
   It lets you fly.
   It makes you more stealthy.
 W - the amulet of Miracles {Inacc rPois Str-5 Dex+4, unknown}
   (You found it in a Gauntlet)

   [amulet of inaccuracy]

   It reduces the accuracy of all your attacks.
   It affects your strength (-5).
   It affects your dexterity (+4).
   It protects you from poison.
Wands
 h - a wand of polymorph (11)
   (You found it on level 6 of the Dungeon)
 y - a wand of random effects (23)
   (You found it on level 2 of the Lair of Beasts)
 K - a wand of iceblast (15)
   (You found it on level 10 of the Dungeon)
 L - a wand of disintegration (5)
   (You found it on level 11 of the Dungeon)
 M - a wand of flame (17)
   (You found it on level 11 of the Dungeon)
Scrolls
 e - 2 scrolls of amnesia
 o - 8 scrolls of remove curse
 s - 2 scrolls of magic mapping {!r}
 t - 5 scrolls of teleportation
 z - a scroll of enchant armour
 G - 3 scrolls of fog
 P - 2 scrolls of summoning {unknown}
 Q - a scroll of silence {unknown}
 R - a scroll of vulnerability {unknown}
 S - a scroll of enchant weapon
Potions
 c - 10 potions of curing
 j - a potion of ambrosia
 k - a potion of haste
 p - 4 potions of flight
 r - a potion of resistance
 v - 2 potions of agility
 C - a potion of mutation {!q!q}
 D - a potion of berserk rage {!q}
 T - 2 potions of degeneration {!q}
Miscellaneous
 E - a box of beasts
Comestibles
 f - 16 rations


   Skills:
 - Level 10.0 Fighting
 * Level 8.8 Short Blades
 + Level 11.5 Dodging
 - Level 2.0 Stealth
 - Level 4.1 Shields
 - Level 8.0 Spellcasting
 - Level 5.1 Conjurations
 - Level 1.0 Summonings
 - Level 2.2 Translocations
 - Level 3.0 Fire Magic
 + Level 8.0 Invocations


You had 8 spell levels left.
You knew the following spells:

 Your Spells              Type           Power        Failure   Level  Hunger
a - Magic Dart            Conj           ####         1%          1    None
b - Call Imp              Summ           ####....     1%          2    None
c - Mephitic Cloud        Conj/Pois/Air  ####....     1%          3    None
d - Conjure Flame         Conj/Fire      #####...     1%          3    None
e - Confusing Touch       Hex            ####..       1%          1    None
f - Iskenderun's Mystic   Conj           ######..     1%          4    ##.....
g - Dazzling Spray        Conj/Hex       #####.       1%          3    None
A - Apportation           Tloc           #####.       1%          1    None
B - Blink                 Tloc           N/A          1%          2    None

Your spell library contained the following spells:

 Spells                   Type           Power        Failure   Level  Hunger
 Animate Skeleton         Necr           N/A          1%          1    None
 Pain                     Necr           ####         1%          1    None
 Summon Small Mammal      Summ           ####         1%          1    None
 Searing Ray              Conj           ######       1%          2    None
 Slow                     Hex            ####....     1%          2    None
 Force Lance              Conj/Tloc      #####...     2%          4    ##.....
 Regeneration             Chrm/Necr      ####......   3%          3    None
 Vampiric Draining        Necr           ####......   3%          3    None
 Fulminant Prism          Conj/Hex       #####.....   3%          4    ##.....
 Animate Dead             Necr           N/A          10%         4    ##.....


Dungeon Overview and Level Annotations

Branches:
Dungeon (11/15)            Temple (1/1) D:5            Lair (6/6) D:11
 Shoals (0/4) Lair:3        Snake (0/4) Lair:3        Slime (0/5) Lair:5
    Orc (0/2) D:9

Altars:
Cheibriados
Dithmenos
Elyvilon
Fedhas
Gozag
Hepliaklqana
Kikubaaqudgha
Makhleb
Okawaru
Qazlal
Ru
Trog
Uskayaw
Vehumet
Wu Jian
Xom
Yredelemnul
Zin
The Shining One

Shops:
D:7 (   D:8 *

Annotations:
D:7 1 runed translucent door, Ijyb with leather armor of rF+, exclusion: 3 doors, Ijyb, Jessica
D:9 exclusion: 8 doors
D:10 Erolcha!, Erolcha, Snorg Gauntlet 6 transporters, exclusion: lightning spire


Innate Abilities, Weirdness & Mutations

You have large cloven feet.
Scrolls take you a little longer to read.


Message History

Aiming: Conjure Flame (safe; 6% risk of failure)
Press: ? - help, Dir - move target cursor, p - hell beast The fire ignites!
Casting: Conjure Flame (safe; 6% risk of failure)
Confirm with . or Enter, or press ? or * to list all spells.
Aiming: Iskenderun's Mystic Blast (safe; 13% risk of failure)
Press: ? - help, Shift-Dir - straight line, f - hell beast
Aim: a hell beast (flame, lightly wounded)
The orb of energy hits the hell beast!
The orb of energy explodes!
The hell beast is engulfed in blazing flames.
The hell beast bites you! The hell beast tramples you!
You stumble backwards!
Okay, then.
Okay, then.
Okay, then.
Okay, then.
Press: ? - help, . - travel, g - get item You can't see that place. [Stash: a scroll labeled PUVUGOGGIO] [the floor.] Unknown command.
Okay, then.
The hell beast bites you!! The hell beast closely misses you.
You feel yourself speed up. The hell beast bites you!
The hell beast barely misses you.
You see here a scroll labeled PUVUGOGGIO.
P - 2 scrolls labeled PUVUGOGGIO (gained 1)
The hell beast bites you!
The hell beast tramples you but does no damage.
There is a transporter here.
You enter the transporter and appear at another place.
The hell beast bites you.
The hell beast tramples you but does no damage.
Okay, then.
Casting: Iskenderun's Mystic Blast (safe; 13% risk of failure)
Confirm with . or Enter, or press ? or * to list all spells.
You blink.
Casting: Blink (safe; 6% risk of failure)
Confirm with . or Enter, or press ? or * to list all spells.
You blink.
It was a potion of degeneration.
There was something very wrong with that liquid.
You feel weakened.
You feel dopey.
You feel clumsy.
You feel agile all of a sudden.
Evoke which item? (* to show all) (? for menu, Esc to quit)
Okay, then.
Press: ? - help, v - describe, . - travel
Here: a hell beast (moderately wounded)
The floor.
Casting: Blink (safe; 7% risk of failure)
Confirm with . or Enter, or press ? or * to list all spells.
You blink.
Evoke which item? (* to show all) (? for menu, Esc to quit)
Aiming: Disintegrate
Press: ? - help, Shift-Dir - straight line, f/p - hell beast
Aim: a hell beast (moderately wounded, chance to defeat MR: 65%)
The hell beast struggles to resist.
Evoke which item? (* to show all) (? for menu, Esc to quit)
Aiming: Disintegrate
Press: ? - help, Shift-Dir - straight line, f/p - hell beast
Aim: a hell beast (moderately wounded, chance to defeat MR: 65%)
The hell beast struggles to resist.
The hell beast completely misses you. The hell beast tramples you!
You stumble backwards!
Casting: Blink (safe; 7% risk of failure)
Confirm with . or Enter, or press ? or * to list all spells.
You blink.
Evoke which item? (* to show all) (? for menu, Esc to quit)
Aiming: Disintegrate
Press: ? - help, Shift-Dir - straight line, f/p - hell beast
Aim: a hell beast (translocational energy, moderately wounded, chance to defeat MR: 65%)
The hell beast struggles to resist.
Evoke which item? (* to show all) (? for menu, Esc to quit)
Aiming: Disintegrate
Press: ? - help, Shift-Dir - straight line, f/p - hell beast
Aim: a hell beast (moderately wounded, chance to defeat MR: 65%)
The hell beast is blasted!
Casting: Blink (safe; 7% risk of failure)
Confirm with . or Enter, or press ? or * to list all spells.
You blink.
Press: ? - help, v - describe, . - travel A transporter landing site.
You can't go up here!
It was a potion of mutation.
You feel extremely strange.
Your vision blurs.
Your feet thicken and deform.
It was a potion of brilliance.
You feel clever all of a sudden.
Okay, then.
Casting: Blink (safe; 1% risk of failure)
Confirm with . or Enter, or press ? or * to list all spells.
Your hands begin to glow red.
You barely miss the hell beast. The hell beast bites you!!
* * * LOW HITPOINT WARNING * * *
The hell beast tramples you but does no damage.
You hit the hell beast but do no damage.
The hell beast bites you!!
* * * LOW HITPOINT WARNING * * *
You block the hell beast's attack.
You feel better. You block the hell beast's attack.
The hell beast tramples you!
You die...
Fedhas appreciates your contribution to the ecosystem.

⌠.#h..#.#©#.≈##...#
..#h#.#.[##.≈≈#.⌠.##
###.#.#|[.#.≈##..........
.©#.#.©####.###.⌠.###.##.
⌠.#.#.....#..##..........
..#..####.#...#.⌠.#.#....
⌠.#8....hh#.∩.#...# # #
..#########...#.2.#
⌠.....#.....⌠.#.@.#
..#########...#.©.#
⌠.#.......#.∩.#...#
..#..#.#.$#...#.⌠.#.#...
⌠.#..#.#..#..##.........
.©#..#©#.©#.###.⌠.###.##
###..#.#..#.≈##.....
..#..#.#..#.≈≈#.⌠.###
⌠.#.......#.≈##...#


You could see a hell beast and a raiju.

Vanquished Creatures
  3 hydras
  A two-headed ogre (D:9)
  An unseen horror (D:11)
  An elephant (Lair:3)
  2 spiny frogs
  6 komodo dragons
  3 trolls
  A polar bear (Lair:2)
  Grinder (D:3)
  Prince Ribbit (Lair:1)
  3 hippogriffs
  10 blink frogs
  2 slime creatures (Gauntlet)
  A wyvern (D:9)
  Sigmund (D:3)
  50 yaks
  A hungry ghost (D:9)
  Grum (D:10)
  A wraith (D:10)
  2 steam dragons (Gauntlet)
  2 wargs (D:11)
  A soldier ant (D:10)
  3 nagas
  4 water moccasins
  3 porcupines (Lair:3)
  2 orc warriors
  A hornet zombie (D:6)
  A black bear (D:3)
  3 ice beasts
  7 ogres
  A phantom (D:9)
  2 sky beasts
  A necrophage (D:10)
  3 wolves (D:9)
  4 centaurs
  A big kobold (D:10)
  3 crocodiles
  6 bullfrogs
  2 gnoll sergeants
  A wyvern zombie (D:11)
  4 scorpions
  8 killer bees
  3 howler monkeys
  6 wights
  A crimson imp (D:6)
  4 jellies
  A bullfrog zombie (D:7)
  7 orc wizards
  2 hounds
  3 quasits
  2 orc priests
  2 bullfrog skeletons
  3 centaur skeletons
  8 worker ants
  A hound zombie (D:6)
  3 worker ant zombies
  16 gnolls
  14 adders
  7 shadow imps
  An ooze (D:1)
  2 adder zombies
  An adder skeleton (D:7)
  5 worms
  A dart slug (D:3)
  8 leopard geckos
  33 orcs
  A ball python (D:3)
  6 giant cockroaches
  8 goblins
  7 hobgoblins
  10 jackals
  10 kobolds
  2 quokkas (D:6)
  6 bats
  5 frilled lizards
  2 jackal skeletons
  2 leopard gecko skeletons
  A quokka skeleton (D:6)
  5 rats
354 creatures vanquished.

Vanquished Creatures (collateral kills)
  A spiny frog (Lair:2)
  2 rime drakes (Lair:3)
  2 blink frogs (Lair:3)
  A crocodile (Lair:2)
  An orc wizard (D:2)
7 creatures vanquished.

Vanquished Creatures (others)
  A raiju (Gauntlet)
  A wandering mushroom (Lair:2)
  A bush (Lair:1)
  15 fungi
  8 plants
  160 toadstools
186 creatures vanquished.

Grand Total: 547 creatures vanquished

Notes
Turn   | Place    | Note
-------+----------+-------------------------------------------
     0 | D:1      | RKaid the Human Wizard began the quest for the Orb.
     0 | D:1      | Reached XP level 1. HP: 13/13 MP: 4/4
   507 | D:1      | Reached XP level 2. HP: 20/20 MP: 4/6
   643 | D:1      | Learned a level 2 spell: Blink
   646 | D:1      | Learned a level 2 spell: Call Imp
   940 | D:1      | Reached skill level 2 in Conjurations
  1034 | D:1      | Reached skill level 1 in Fighting
  1034 | D:1      | Reached XP level 3. HP: 26/26 MP: 5/7
  2070 | D:2      | Found a hide-covered altar of Uskayaw.
  2070 | D:2      | Noticed a +0 hand axe
  2070 | D:2      | Noticed a +0 dagger
  2092 | D:2      | Reached XP level 4. HP: 29/32 MP: 0/9
  2402 | D:1      | Learned a level 3 spell: Conjure Flame
  2847 | D:2      | Reached skill level 3 in Conjurations
  3139 | D:3      | Reached XP level 5. HP: 38/38 MP: 5/10
  3341 | D:3      | Noticed Grinder
  3366 | D:3      | HP: 7/38 [Grinder (8)]
  3366 | D:3      | HP: 1/38 [Grinder (6)]
  3367 | D:3      | Paralysed by Grinder for 5 turns
  3518 | D:3      | Paralysed by Grinder for 4 turns
  3536 | D:3      | Killed Grinder
  3536 | D:3      | Reached skill level 2 in Fighting
  3536 | D:3      | Reached skill level 2 in Shields
  3536 | D:3      | Reached XP level 6. HP: 46/46 MP: 1/11
  3838 | D:3      | Noticed a black bear
  4148 | D:3      | Killed a black bear
  4148 | D:3      | Reached skill level 4 in Spellcasting
  4148 | D:3      | Reached skill level 4 in Conjurations
  4148 | D:3      | Reached XP level 7. HP: 51/51 MP: 10/13
  4398 | D:3      | Reached skill level 3 in Shields
  4452 | D:3      | Found a hazy altar of Hepliaklqana.
  4784 | D:3      | Noticed Sigmund
  5246 | D:3      | Killed Sigmund
  5246 | D:3      | Reached skill level 3 in Fighting
  5469 | D:3      | Found an ancient bone altar of Kikubaaqudgha.
  5470 | D:3      | Found a burning altar of Makhleb.
  5982 | D:4      | Found a blossoming altar of Fedhas.
  5987 | D:4      | Reached XP level 8. HP: 41/58 MP: 14/14
  6091 | D:4      | Became a worshipper of Fedhas Madash
  6113 | D:4      | Reached skill level 4 in Shields
  6113 | D:4      | Reached skill level 5 in Conjurations
  6962 | D:4      | Got an ichor-stained long sword
  7017 | D:4      | Reached skill level 4 in Fighting
  7017 | D:4      | Reached skill level 2 in Translocations
  7071 | D:4      | Identified the +6 long sword "Rietav" {freeze, Str+3 SInv}
                  | (You found it on level 4 of the Dungeon)
  7222 | D:5      | Entered Level 5 of the Dungeon
  7305 | D:5      | Reached skill level 5 in Spellcasting
  7474 | D:4      | Reached skill level 1 in Fire Magic
  7589 | D:5      | Found a staircase to the Ecumenical Temple.
  7637 | Temple   | Entered the Ecumenical Temple
  7851 | D:5      | Identified the +8 rapier "Yriucuco" {flame, rF+ rC+ Stlth+}
  8352 | D:5      | Reached skill level 3 in Dodging
  8352 | D:5      | Reached skill level 2 in Fire Magic
  8492 | D:6      | Reached XP level 9. HP: 60/65 MP: 17/17
  8780 | D:6      | Reached skill level 3 in Fire Magic
  8928 | D:6      | Reached skill level 4 in Dodging
  9074 | D:6      | Reached skill level 6 in Spellcasting
  9384 | D:6      | Reached skill level 5 in Fighting
  9590 | D:6      | HP: 7/68 [ogre/+0 giant club (20)]
  9688 | D:6      | Reached skill level 5 in Dodging
 10182 | D:6      | Reached XP level 10. HP: 72/76 MP: 20/20
 10616 | D:6      | Reached skill level 7 in Spellcasting
 10977 | D:7      | Found an opulent altar of Gozag.
 11058 | D:7      | Reached skill level 6 in Fighting
 11426 | D:7      | Reached skill level 6 in Dodging
 11616 | D:7      | Learned a level 1 spell: Apportation
 11618 | D:7      | Learned a level 1 spell: Confusing Touch
 11635 | D:7      | Found Otset's Antique Weapon Boutique.
 11798 | D:7      | Found a runed translucent gate.
 11799 | D:7      | Found a runed translucent gate.
 11799 | D:7      | Found a runed translucent gate.
 11810 | D:7      | Found a runed translucent door.
 11967 | D:7      | Found an iron altar of Okawaru.
 12397 | D:7      | Found a runed translucent door.
 12417 | D:7      | Noticed Ijyb
 12417 | D:7      | Noticed Jessica
 12698 | D:8      | Found a sacrificial altar of Ru.
 13067 | D:8      | Found Najinkefuff's General Store.
 13070 | D:8      | Bought a potion of agility for 56 gold pieces
 13120 | D:8      | Found a stormy altar of Qazlal.
 13386 | D:9      | Found a staircase to the Orcish Mines.
 13721 | D:8      | Reached skill level 7 in Fighting
 13987 | D:8      | Reached skill level 7 in Dodging
 14142 | D:8      | Reached skill level 8 in Spellcasting
 14419 | D:9      | Noticed a two-headed ogre
 15501 | D:9      | Reached XP level 11. HP: 86/86 MP: 12/23
 15844 | D:9      | Found a shimmering altar of Xom.
 15844 | D:9      | Found a sacrificial altar of Ru.
 15955 | D:9      | Reached skill level 8 in Fighting
 16183 | D:9      | Reached skill level 8 in Dodging
 16405 | D:9      | Killed a two-headed ogre
 16688 | D:10     | Entered Level 10 of the Dungeon
 16753 | D:10     | Noticed Erolcha
 16848 | D:10     | Noticed Grum
 16939 | D:10     | Killed Grum
 16939 | D:10     | Reached skill level 9 in Fighting
 16995 | D:10     | Found a white marble altar of Elyvilon.
 17219 | D:10     | Noticed Snorg
 17250 | D:10     | Reached skill level 9 in Dodging
 17995 | D:11     | Reached * piety under Fedhas
 18226 | D:9      | Reached skill level 1 in Invocations
 18749 | D:11     | Noticed a minotaur
 18750 | D:11     | Noticed a cyclops
 18763 | D:11     | Noticed a two-headed ogre
 18793 | D:11     | Reached skill level 2 in Invocations
 18829 | D:11     | Noticed an unseen horror
 18923 | D:11     | Killed an unseen horror
 19347 | D:11     | Found a staircase to the Lair.
 19456 | Lair:1   | Entered Level 1 of the Lair of Beasts
 19463 | D:11     | Reached skill level 3 in Invocations
 20026 | D:11     | Reached XP level 12. HP: 90/97 MP: 20/24
 20135 | Lair:1   | Reached skill level 10 in Fighting
 20135 | Lair:1   | Reached skill level 4 in Invocations
 20344 | Lair:1   | Noticed a six-headed hydra
 20375 | Lair:1   | Noticed Prince Ribbit
 20416 | Lair:1   | Learned a level 3 spell: Mephitic Cloud
 20769 | Lair:1   | Reached skill level 1 in Short Blades
 20769 | Lair:1   | Reached skill level 10 in Dodging
 20787 | Lair:1   | Killed Prince Ribbit
 20787 | Lair:1   | Reached skill level 2 in Short Blades
 21121 | Lair:1   | Killed a six-headed hydra
 21121 | Lair:1   | Reached skill level 3 in Short Blades
 21220 | Lair:2   | Noticed a five-headed hydra
 21297 | Lair:2   | Reached skill level 5 in Invocations
 21312 | Lair:2   | Reached skill level 4 in Short Blades
 21766 | Lair:2   | Reached skill level 5 in Short Blades
 22097 | Lair:1   | Reached skill level 6 in Invocations
 22470 | Lair:1   | Reached ** piety under Fedhas
 22625 | Lair:2   | Reached skill level 6 in Short Blades
 22968 | Lair:2   | Killed a five-headed hydra
 23745 | Lair:3   | Reached XP level 13. HP: 92/103 MP: 25/25
 23966 | Lair:2   | Reached skill level 11 in Dodging
 24092 | Lair:3   | Noticed a seven-headed hydra
 24131 | Lair:3   | Found a staircase to the Snake Pit.
 24459 | Lair:3   | Reached skill level 7 in Short Blades
 24584 | Lair:3   | Killed a seven-headed hydra
 24584 | Lair:3   | Reached skill level 7 in Invocations
 25274 | Lair:3   | Reached skill level 8 in Short Blades
 25342 | Lair:3   | Found a staircase to the Shoals.
 25380 | Lair:3   | Got a silken robe
 25430 | Lair:3   | You fall through a shaft for 3 floors!
 25430 | Lair:6   | Entered Level 6 of the Lair of Beasts
 25646 | Lair:6   | Identified the cursed +1 robe of Makhleb's Whim {+Inv Str-3
                  | Int-2 SInv} (You found it on level 3 of the Lair of Beasts)
 25899 | Lair:5   | Found a gate leading to a gauntlet.
 25907 | Gauntlet | Entered a Gauntlet
 25907 | Gauntlet | Found a transporter.
 25907 | Gauntlet | Found a transporter.
 25938 | Gauntlet | Found a transporter.
 25941 | Gauntlet | Found a transporter.
 25942 | Gauntlet | Found a transporter.
 25942 | Gauntlet | Found a transporter.
 25990 | Gauntlet | Found a transporter.
 25994 | Gauntlet | Found a transporter.
 26008 | Gauntlet | Found a transporter.
 26009 | Gauntlet | Noticed a hell beast
 26024 | Gauntlet | Found a transporter.
 26035 | Gauntlet | Found a transporter.
 26039 | Gauntlet | Found a transporter.
 26083 | Gauntlet | Learned a level 4 spell: Iskenderun's Mystic Blast
 26087 | Gauntlet | Learned a level 3 spell: Dazzling Spray
 26168 | Gauntlet | Reached skill level 8 in Invocations
 26375 | Gauntlet | Got a sparkling wooden ring
 26399 | Gauntlet | Got a serpentine ivory amulet
 26429 | Gauntlet | Gained mutation: Scrolls take you a little longer to read.
                  | [potion of mutation]
 26429 | Gauntlet | Gained mutation: You have large cloven feet. [potion of
                  | mutation]
 26433 | Gauntlet | HP: 24/103 [hell beast (20)]
 26434 | Gauntlet | HP: 3/103 [hell beast (21)]
 26435 | Gauntlet | Mangled by a hell beast

Skill      XL: |  1  2  3  4  5  6  7  8  9 10 11 12 13 |
---------------+----------------------------------------+-----
Conjurations   | 2 3 4 5 |  5.1
Fighting       | 1 2 3 4 5 7 9 10 | 10.0
Shields        | 2 3 4 |  4.1
Spellcasting   | 4 5 6 8 |  8.0
Translocations | 2 |  2.2
Fire Magic     | 2 3 |  3.0
Dodging        | 3 5 7 9 10 11 | 11.5
Invocations    | 3 6 8 |  8.0
Short Blades   | 6 8 |  8.8
Stealth        | |  2.0
Summonings     | |  1.0

Action                   |  1- 3 |  4- 6 |  7- 9 | 10-12 | 13-15 || total
-------------------------+-------+-------+-------+-------+-------++-------
Melee: Unarmed           |     1 |       |       |       |       ||     1
       Dagger            |       |     4 |     3 |       |       ||     7
       Rapier            |       |       |    21 |    88 |    12 ||   121
       Long sword        |       |       |     4 |    13 |       ||    17
 Fire: Hunting sling     |     3 |     7 |       |       |       ||    10
 Cast: Magic Dart        |    86 |   111 |   407 |  1248 |   305 ||  2157
       Call Imp          |       |     3 |     4 |     8 |       ||    15
       Conjure Flame     |       |     4 |    15 |    66 |    22 ||   107
       Blink             |       |     1 |     7 |    51 |    22 ||    81
       Confusing Touch   |       |       |       |     8 |     4 ||    12
       Mephitic Cloud    |       |       |       |     3 |       ||     3
       Iskenderun's Myst |       |       |       |       |     4 ||     4
Invok: Fungal Bloom      |       |       |     7 |    37 |    10 ||    54
       Sunlight          |       |       |       |     1 |       ||     1
       Evolution         |       |       |       |     1 |     1 ||     2
Evoke: Wand              |       |       |       |     2 |     8 ||    10
  Use: Potion            |       |     1 |     1 |       |     6 ||     8
       Scroll            |       |       |    16 |     6 |     3 ||    25
 Stab: Sleeping          |       |       |     1 |     3 |     1 ||     5
       Confused          |       |       |       |     1 |       ||     1
  Eat: Chunk             |     3 |     5 |    14 |    17 |     6 ||    45
       Ration            |       |     1 |     1 |     8 |       ||    10
Armor: Robe              |    11 |       |    25 |    34 |       ||    70
       Leather armour    |       |     1 |    11 |       |       ||    12
       Troll leather arm |       |       |       |   106 |    39 ||   145
Dodge: Dodged            |    21 |    13 |    93 |   412 |   116 ||   655
Block: Buckler           |       |       |    34 |   144 |    32 ||   210
       Rpst.: Long sword |       |       |     5 |    17 |       ||    22

Table legend:
 A = Turns spent in this place as a percentage of turns spent in the entire game.
 B = Non-inter-level travel turns spent in this place as a percentage of non-inter-level travel turns spent in the entire game.
 C = Inter-level travel turns spent in this place as a percentage of turns spent in this place.
 D = Turns resting spent in this place as a percentage of non-inter-level travel turns spent in this place.
 E = Turns spent auto-exploring this place as a percentage of non-inter-level travel turns spent in this place.
 F = Non-inter-level travel turns spent in this place divided by the number of levels of this place that you've seen.
                   A       B       C       D       E      F
               +-------+-------+-------+-------+-------+----------------------
         Total | 100.0 | 100.0 |   4.8 |  45.0 |  27.2 | 1397.6
       Dungeon |  75.5 |  74.9 |   5.6 |  44.9 |  29.2 | 1712.2
        Temple |   0.0 |   0.0 |   0.0 |   0.0 |   0.0 |   2.0
          Lair |  22.5 |  23.0 |   2.7 |  47.0 |  22.8 | 1158.4
      Gauntlet |   2.0 |   2.1 |   0.0 |  30.5 |   0.0 | 528.0
               +-------+-------+-------+-------+-------+----------------------

Table legend:
 A = Kills in this place as a percentage of kills in entire the game.
 B = Kills by you in this place as a percentage of kills by you in the entire game.
 C = Kills by friends in this place as a percentage of kills by friends in the entire game.
 D = Other kills in this place as a percentage of other kills in the entire game.
 E = Experience gained in this place as a percentage of experience gained in the entire game.
 F = Experience gained in this place divided by the number of levels of this place that you have seen.
                   A       B       C       D       E      F
               +-------+-------+-------+-------+-------+----------------------
         Total | 100.0 | 100.0 | 100.0 | 100.0 | 100.0 | 2003.6
       Dungeon |  74.9 |  76.5 |  14.3 |   0.0 |  41.1 | 1347.0
          Lair |  22.9 |  21.5 |  85.7 |  50.0 |  56.0 | 4036.4
      Gauntlet |   2.2 |   2.0 |   0.0 |  50.0 |   3.0 | 1066.0
               +-------+-------+-------+-------+-------+----------------------
